 Dungeon Crawl Stone Soup version 0.28-a0-1033-g1a2f33fa85 (webtiles) character file.

Game seed: 16075629946091905885

93 garbled the Grave Robber (level 4, 22/22 HPs)
             Began as a Vine Stalker Necromancer on Nov 2, 2021.
             Was a Believer of Lugonu.
             Quit the game on level 3 of the Dungeon on Dec 7, 2021.
             The game lasted 00:08:56 (3443 turns).

garbled the Grave Robber (Vine Stalker Necromancer) Turns: 3443, Time: 00:08:57

Health: 22/22      AC:  4    Str: 10    XL:     4   Next: 62%
Magic:  9/9        EV: 12    Int: 16    God:    Lugonu [**....]
Gold:   131        SH:  0    Dex: 15    Spells: 3/9 levels left

rFire   . . .      SeeInvis .   c - staff of death
rCold   . . .      Faith    .   (no shield)
rNeg    + . .      Spirit   +   a - +0 robe
rPois   .          Reflect  .   (no helmet)
rElec   .          Harm     .   (no cloak)
rCorr   .          Rampage  .   i - +1 pair of gloves
Will    .....                   (no boots)
Stlth   ++........              (no amulet)
HPRegen 0.87/turn               (no ring)
MPRegen 0.11/turn               (no ring)

@: no status effects
A: fangs 2, regeneration 1, magic shield, antimagic bite, no potion heal 2
a: Renounce Religion, Depart the Abyss, Bend Space


You were on level 3 of the Dungeon.
You worshipped Lugonu.
Lugonu was pleased with you.
You visited 1 branch of the dungeon, and saw 3 of its levels.

You collected 131 gold pieces.

Inventory:

Hand Weapons
 b - a +0 war axe
Missiles
 f - 78 stones
Armour
 a - a +0 robe (worn)
 i - a +1 pair of gloves (worn)
Magical Staves
 c - a staff of death (weapon)
Scrolls
 d - a scroll of noise {unknown}
 j - a scroll of identify {unknown}
 k - a scroll of enchant armour {unknown}
 m - a scroll of enchant weapon {unknown}
Potions
 e - 2 potions of degeneration {unknown}
 g - a potion of cancellation {unknown}
 h - a potion of flight {unknown}
 l - a potion of attraction {unknown}


   Skills:
 + Level 1.5 Fighting
 - Level 1.5 Dodging
 + Level 3.6 Stealth
 + Level 3.0 Spellcasting
 + Level 4.5 Necromancy


You had 3 spell levels left.
You knew the following spells:

 Your Spells              Type           Power      Damage    Failure   Level
a - Pain                  Necr           100%       1d9       2%          1
b - Animate Skeleton      Necr           50%        N/A       2%          1
c - Apportation           Tloc           4%         N/A       19%         1
d - Vampiric Draining     Necr           25%        2d7       9%          3

Your spell library contained the following spells:

 Spells                   Type           Power      Damage    Failure   Level
 Gell's Gravitas          Tloc           2%         N/A       50%         3
 Teleport Other           Tloc           2%         N/A       50%         3
 Animate Dead             Necr           12%        N/A       28%         4
 Agony                    Necr           25%        N/A       61%         5
 Alistair's Intoxication  Tmut/Pois      1%         N/A       99%         5
 Dispersal                Tloc           1%         N/A       100%        6
 Invisibility             Hex            1%         N/A       100%        6


Dungeon Overview and Level Annotations

Branches:
Dungeon (3/15)

Altars:
Lugonu

Shops:
D:2 (


Innate Abilities, Weirdness & Mutations

You have extremely sharp teeth.
Your natural rate of healing is unusually fast.
When hurt, damage is shared between your health and your magic reserves.
Your bite disrupts and absorbs the magic of your enemies.
Potions cannot restore your health.


Message History

Aim: a bat (moderately wounded, chance to affect: 93%)
You feel a surge of power!
The bat writhes in agony!
You kill the bat!
Unknown command.
You now have 129 gold pieces (gained 17).
f - 78 stones (gained 4)
You see here a +0 dagger.
Casting: Pain (safe; 2% risk of failure)
Confirm with . or Enter, or press ? or * to list all spells.
You feel a surge of power!
You attempt to give life to the dead...
Before your eyes, flesh is ripped from the corpse!
The dead are flying!
You enter the shallow water.
Moving in this stuff is going to be slow.
You enter the shallow water.
Moving in this stuff is going to be slow.
Found a faded altar of an unknown god.
There is a faded altar of an unknown god here.
You cannot tell which god this altar belongs to.
Convert to them anyway?
Lugonu accepts your prayer! Lugonu welcomes you!
You can now depart the Abyss.
You can now bend space around yourself.
You swap places.
You enter the shallow water.
Moving in this stuff is going to be slow.
You enter the shallow water.
Moving in this stuff is going to be slow.
Your bat skeleton crumbles into dust!
You enter the shallow water.
Moving in this stuff is going to be slow.
You enter the shallow water.
Moving in this stuff is going to be slow.
m - a scroll labelled JIRAEKH UQIWOW
Okay, then.
Okay, then.
Welcome back, garbled the Vine Stalker Necromancer.
Lugonu says: Spread carnage and corruption!
Press ? for a list of commands and other information.
You now have 131 gold pieces (gained 2).
Are you sure you want to abandon this character and quit the game? (Confirm with "yes".)

#.....# ## ###.##.####.##. ..
#.....# #.##.## #.### .. #.....#
#..#..###..# .. #.....#
##.##....#.## .. #.....#
#........... ..# #.....###
##.......... ..###.......#####
#.......... ..........#.....##
#.......... ..).......#####.@#
#....)..... ..........# ##...#
######.###. .....###### ##..#
#.##.. .....# #.## ##.#...
.....####### ...### ##....†.
...........#### #....###...#...
..............#######........#(..
...####≈####..............>......
#..#P..≈PPP####...>...##......<..


There were no monsters in sight!

Vanquished Creatures
  A gnoll (D:1)
  3 adders
  3 worms
  4 ball pythons
  5 bats
  7 endoplasms
  A giant cockroach (D:2)
  5 goblins
  3 hobgoblins
  3 jackals (D:2)
  2 quokkas (D:1)
  3 frilled lizards
  4 kobolds
  4 rats (D:1)
48 creatures vanquished.

Notes
Turn   | Place    | Note
-------+----------+-------------------------------------------
     0 | D:1      | garbled the Vine Stalker Necromancer began the quest for
                  | the Orb.
     0 | D:1      | Reached XP level 1. HP: 9/9 MP: 4/4
    18 | D:1      | Learned a level 1 spell: Animate Skeleton
   382 | D:1      | Reached XP level 2. HP: 10/14 MP: 0/6
  1052 | D:1      | Learned a level 1 spell: Apportation
  1221 | D:1      | Reached skill level 1 in Fighting
  1221 | D:1      | Reached XP level 3. HP: 12/18 MP: 1/7
  2169 | D:2      | Learned a level 3 spell: Vampiric Draining
  2734 | D:2      | Gained mutation: Your natural rate of healing is unusually
                  | fast. [Vine Stalker growth]
  2734 | D:2      | Reached XP level 4. HP: 16/22 MP: 4/9
  2847 | D:2      | Found Logov's Antique Weapon Shop.
  3400 | D:3      | Found a faded altar of an unknown god.
  3407 | D:3      | Prayed at the altar of an unknown god.
  3407 | D:3      | Became a worshipper of Lugonu the Unformed
  3407 | D:3      | Reached * piety under Lugonu
  3407 | D:3      | Reached ** piety under Lugonu
  3436 | D:3      | Upgraded the game from 0.28-a0-779-g3d1f99b579 to
                  | 0.28-a0-1033-g1a2f33fa85
  3443 | D:3      | Quit the game

Illustrated notes

Levels and vault maps discovered:
D:1:      roderic_octagonal_star, layout_loops_ring
D:2:      minmay_spotlight, layout_loops_corners, serial_shops, shop
D:3:      layout_rooms, shapermc_ecumenical_altar_hornbeckon

Skill      XL: |  1  2  3  4 |
---------------+-------------+-----
Fighting       | 1 |  1.5
Stealth        | 3 |  3.6
Spellcasting   | 3 |  3.0
Dodging        | |  1.5
Necromancy     | |  4.5

Action                   |  1- 3 |  4- 6 || total
-------------------------+-------+-------++-------
Melee: War axe           |     2 |       ||     2
       Bite              |     1 |       ||     1
       Staff             |     1 |       ||     1
 Cast: Pain              |    76 |    22 ||    98
       Animate Skeleton  |     2 |     2 ||     4
Armor: Robe              |     3 |     3 ||     6
Dodge: Dodged            |    10 |     1 ||    11

Table legend: (Time is in decaauts)
 A = Elapsed time spent in this place.
 B = Non-inter-level travel time spent in this place.
 C = Inter-level travel time spent in this place.
 D = Time resting spent in this place.
 E = Time spent auto-exploring this place.
 F = Levels seen in this place.
 G = Mean time per level.
                   A        B        C        D        E       F      G
               +--------+--------+--------+--------+--------+-----+--------+
         Total |   3450 |   3376 |     74 |    194 |   2795 |   3 | 1150.0 |
       Dungeon |   3450 |   3376 |     74 |    194 |   2795 |   3 | 1150.0 |
               +--------+--------+--------+--------+--------+-----+--------+

Top non-repeatable levels by time:
     D:1: 1608 daAuts
     D:2: 1523 daAuts
     D:3: 319 daAuts
